 Dungeon Crawl Stone Soup version 0.17-a0-1778-gd369669 (webtiles) character file.

548 ololoev the Poker (level 7, 15/55 HPs)
             Began as a White Draconian Skald on Sept 8, 2015.
             Was an Initiate of Nemelex Xobeh.
             Quit the game on level 4 of the Dungeon.
             The game lasted 00:10:23 (3976 turns).

ololoev the Poker (White Draconian Skald)           Turns: 3976, Time: 00:10:23

Health: 15/55      AC:  6    Str: 14    XL:     7   Next: 7%
Magic:  6/10       EV: 12    Int: 13    God:    Nemelex Xobeh [......]
Gold:   208        SH:  0    Dex: 12    Spells: 3 memorised, 4 levels left

rFire  . . .     SeeInvis .     a - +0 spear
rCold  + . .     Clarity  .     (armour unavailable)
rNeg   . . .     SustAt   .     (no shield)
rPois  +         Gourm    .     (helmet restricted)
rElec  .         Spirit   .     (no cloak)
rCorr  .         Warding  .     (no gloves)
rMut   .         Stasis   .     (no boots)
MR     .....                    (no amulet)
Stlth  +.........               p - ring of poison resistance
                                m - ring of wizardry

@: not resistant to hostile enchantments, very unstealthy
A: breathe frost, unfitting armour, cold resistance 1, cold-blooded, AC +6
a: Breathe Frost, Renounce Religion


Innate Abilities, Weirdness & Mutations

You can breathe waves of freezing cold.
You can buffet flying creatures when you breathe cold.
Your icy white scales are hard (AC +6).
Your body does not fit into most forms of armour.
Your flesh is cold resistant.
You are cold-blooded and may be slowed by cold attacks.

Inventory:

Hand weapons
 a - a +0 spear (weapon)
 h - a +0 blowgun
Missiles
 q - 2 poisoned needles
Armour
 f - a +0 pair of gloves
Jewellery
 m - a ring of wizardry (left hand)
 p - a ring of poison resistance (right hand)
Scrolls
 e - 4 scrolls of teleportation {unknown}
 g - 2 scrolls of noise {unknown}
 j - 3 scrolls of remove curse
 k - 3 scrolls of identify
 n - a scroll of enchant weapon {unknown}
 o - a scroll of fog {unknown}
 r - a scroll of enchant armour {unknown}
 v - a scroll of magic mapping {unknown}
Potions
 i - a potion of brilliance
 t - a potion of poison {unknown}
Books
 b - a book of Battle

   Spells                             Type                      Level
   a - Infusion                       Charms                       1
   b - Shroud of Golubria             Charms/Translocation         2
   c - Song of Slaying                Charms                       2
   d - Spectral Weapon                Hexes/Charms                 3
   e - Regeneration                   Charms/Necromancy            3
Comestibles
 c - 4 bread rations
 d - 6 meat rations
 l - 3 chunks of flesh
 s - 2 fruits


   Skills:
 - Level 2.1 Fighting
 + Level 7.8 Polearms
 - Level 1.3 Dodging
 - Level 2.0 Spellcasting
 - Level 2.6 Charms


You had 4 spell levels left.
You knew the following spells:

 Your Spells              Type           Power        Failure   Level  Hunger
a - Infusion              Chrm           #.....       4%          1    ##.....
b - Song of Slaying       Chrm           #.......     6%          2    ###....
c - Regeneration          Chrm/Necr      #.........   24%         3    ####...


You were on level 4 of the Dungeon.
You worshipped Nemelex Xobeh.
Nemelex Xobeh was noncommittal.
You were not hungry.

You visited 1 branch of the dungeon, and saw 4 of its levels.

You collected 208 gold pieces.

..##E#...#E#### #.
#.####...## #.
#........... #.
#......_....# #.
#.#.........# #
#.####...#### # #.#
E#...# ###### #.#
#...####..... #@#
##...##.....
#.#####...........
#...Z.O...........
#...#####....#......
##.###.O.....#.#####
... #.#..####.# ###.
#.#..####.# .(
#.+.......# #.
#.#..####.#####

Notes
Turn   | Place    | Note
--------------------------------------------------------------
     0 | D:1      | ololoev the Draconian Skald began the quest for the Orb.
     0 | D:1      | Reached XP level 1. HP: 17/17 MP: 3/3
   498 | D:1      | Reached XP level 2. HP: 22/24 MP: 5/5
   514 | D:1      | Learned a level 2 spell: Song of Slaying
   609 | D:1      | Reached skill level 3 in Polearms
  1277 | D:2      | Reached XP level 3. HP: 29/29 MP: 6/6
  1460 | D:2      | Learned a level 3 spell: Regeneration
  1628 | D:2      | Reached skill level 4 in Polearms
  1931 | D:2      | Reached XP level 4. HP: 36/36 MP: 7/7
  2292 | D:3      | Found an iron altar of Okawaru.
  2353 | D:3      | Noticed Protee's ghost (average FoAK)
  2666 | D:3      | Reached skill level 5 in Polearms
  2682 | D:3      | Reached XP level 5. HP: 9/41 MP: 1/8
  2894 | D:3      | Noticed an ogre
  2915 | D:3      | Killed an ogre
  2915 | D:3      | Reached skill level 6 in Polearms
  3286 | D:4      | Reached XP level 6. HP: 48/48 MP: 5/9
  3302 | D:4      | Found a stormy altar of Qazlal.
  3304 | D:4      | Noticed a fire elemental
  3304 | D:4      | Noticed Menkaure
  3320 | D:4      | Killed Menkaure
  3320 | D:4      | Reached skill level 7 in Polearms
  3859 | D:4      | Found a sparkling altar of Nemelex Xobeh.
  3864 | D:4      | Noticed a water elemental
  3868 | D:4      | Noticed an ogre
  3882 | D:4      | Became a worshipper of Nemelex Xobeh the Trickster
  3935 | D:4      | Killed an ogre
  3935 | D:4      | Your scales start taking on an icy white colour.
  3935 | D:4      | Gained mutation: Your flesh is cold resistant. [White Draconian growth]
  3935 | D:4      | Reached XP level 7. HP: 8/55 MP: 1/10
  3976 | D:4      | Quit the game

Dungeon Overview and Level Annotations

Branches:
Dungeon (4/15)
 Temple: D:4-7

Altars:
Nemelex Xobeh
Okawaru
Qazlal

Annotations:
D:3 Protee's ghost, average FoAK


Message History

Your scales start taking on an icy white colour.
You feel resistant to cold.
Attack whom?
Press: ? - help, Dir - move target cursor, f - jackal skeleton
Aim: a jackal skeleton You reach to attack!
You hit the jackal skeleton.
Attack whom?
Press: ? - help, Dir - move target cursor, f/p - jackal skeleton
Aim: a jackal skeleton You barely miss the jackal skeleton.
Your song has ended.
The jackal skeleton closely misses you.
Attack whom?
Press: ? - help, Dir - move target cursor, f/p - jackal skeleton
Aim: a jackal skeleton You barely miss the jackal skeleton.
The jackal skeleton bites you but does no damage.
Attack whom?
Press: ? - help, Dir - move target cursor, f/p - jackal skeleton
Aim: a jackal skeleton You hit the jackal skeleton.
You destroy the jackal skeleton!
Attack whom?
Press: ? - help, Dir - move target cursor, f - you
Okay, then.
Things that are here:
a giant spiked club; a giant newt corpse; an adder corpse Butcher a giant newt corpse? [(y)es/(c)hop/(n)o/(a)ll/(q)uit/?]
You butcher the giant newt corpse.
You butcher the adder corpse.
l - 8 chunks of flesh (gained 1);
l - 10 chunks of flesh (gained 2)
You see here a giant spiked club.
You start resting.
Some of the chunks of flesh in your inventory have rotted away.
You start resting.
Eating one of 7 chunks of flesh.
This raw flesh tastes terrible.
You continue eating. x2
Some of the chunks of flesh in your inventory have rotted away.
Unknown command.
Are you sure you want to abandon this character and quit the game? (Confirm with "yes".)

There were no monsters in sight!

Vanquished Creatures
  Menkaure (D:4)
  2 ogres
  A hound (D:4)
  An orc wizard (D:3)
  7 adders
  3 gnolls (D:4)
  2 worms (D:2)
  2 giant geckos
  4 orcs (D:3)
  4 giant cockroaches
  7 hobgoblins
  10 jackals
  10 kobolds
  A quokka (D:2)
  12 bats
  6 giant newts
  14 goblins
  A jackal skeleton (D:4)
  4 rats
92 creatures vanquished.

Action                   |  1- 3 |  4- 6 |  7- 9 || total
-------------------------+-------+-------+-------++-------
Melee: Spear             |   189 |   204 |     4 ||   397
 Cast: Infusion          |     3 |     8 |       ||    11
       Song of Slaying   |     3 |     6 |       ||     9
       Regeneration      |       |     3 |       ||     3
  Use: Potion            |       |     5 |       ||     5
       Scroll            |       |     1 |       ||     1
 Stab: Sleeping          |     1 |     1 |       ||     2
  Eat: Chunk             |     3 |     8 |     1 ||    12

Vault maps used:
D:1:      lightli_arrival_lavapool, serial_corexii_hall, corexii_hall_statues_x,
          corexii_hall_statues_x, corexii_corridor_pit
D:2:      kennysheep_generic_room_3
D:3:      okawaru_trees_2, minmay_ogre_servants
D:4:      kennysheep_the_goblin_king, nemelex_xobeh_ov_fountains_minmay,
          nicolae_qazlal_style_of_elements, first_bread,
          minmay_misc_feat_hallway, led_sif_book, uniq_sigmund, uniq_robin,
          uniq_menkaure
